 Dungeon Crawl Stone Soup version 0.23.2 (webtiles) character file.

Game seed: 12292795704913205683

135 Borgoz the Ducker (level 5, -10/42 HPs)
             Began as a Ghoul Gladiator on Apr 4, 2019.
             Killed from afar by an orc wizard (11 damage)
             ... with a puff of flame
             ... on level 2 of the Dungeon.
             The game lasted 00:02:48 (1390 turns).

Borgoz the Ducker (Ghoul Gladiator)                 Turns: 1390, Time: 00:02:48

Health: -10/42     AC:  5    Str: 17 (18) XL:     5   Next: 18%
Magic:  4/4        EV: 14    Int:  2 (4)  God:
Gold:   126        SH:  0    Dex:  9 (10) Spells: 4/4 levels left

rFire    . . .     SeeInvis .   a - +0 rapier
rCold    + . .     Gourm    .   (no shield)
rNeg     + + +     Faith    .   b - +0 leather armour
rPois    ∞         Spirit   .   h - +2 hat
rElec    .         Reflect  .   (no cloak)
rCorr    .         Harm     .   (no gloves)
MR       .....                  (no boots)
Stlth    +.........             (no amulet)
HPRegen  0.00/turn              (no ring)
MPRegen  0.09/turn              (no ring)

@: rotting
A: rotting body, claws 1, carnivore, cold resistance 1, negative energy
resistance 3, inhibited regeneration, torment resistance, unbreathing
a: no special abilities


You were on level 2 of the Dungeon.
You were not hungry.

You visited 1 branch of the dungeon, and saw 3 of its levels.

You collected 126 gold pieces.

Inventory:

Hand Weapons
 a - a +0 rapier (weapon)
Missiles
 d - 3 throwing nets (quivered)
Armour
 b - a +0 leather armour (worn)
 h - a +2 hat (worn)
Scrolls
 j - a scroll of teleportation {unknown}
 k - a scroll of fear {unknown}
 l - 2 scrolls of amnesia {unknown}
 m - a scroll of random uselessness {unknown}
Potions
 g - 2 potions of mutation
Comestibles
 f - a ration


   Skills:
 + Level 2.6 Fighting
 * Level 6.8 Short Blades
 - Level 1.7 Throwing
 * Level 6.1 Armour
 * Level 6.9 Dodging
 + Level 1.1 Stealth


You had 4 spell levels left.
You didn't know any spells.
Your spell library was empty.

Dungeon Overview and Level Annotations

Branches:
Dungeon (3/15)

Altars:


Innate Abilities, Weirdness & Mutations

Your body is rotting away.
You thrive on raw meat.
You are immune to poison.
You have sharp fingernails.
You are carnivorous and can eat meat at any time.
Your flesh is cold resistant. (rC+)
You are immune to negative energy. (rN+++)
You do not regenerate when monsters are visible.
You are immune to unholy pain and torment.
You can survive without breathing.


Message History

The orc wizard is moderately wounded.
The kobold closely misses you. The orc priest misses you.
You closely miss the orc wizard.
The orc wizard is moderately wounded.
The orc wizard hits you with a +0 dagger.
* * * LOW HITPOINT WARNING * * *
The kobold closely misses you.
The orc priest hits you but does no damage.
You hit the orc priest but do no damage.
The orc priest is lightly wounded.
The orc wizard hits you with a +0 dagger.
* * * LOW HITPOINT WARNING * * *
The kobold hits you with a +0 club.
* * * LOW HITPOINT WARNING * * *
Unknown command.
Okay, then.
Okay, then.
The orc wizard points at you and mumbles some strange words.
The puff of flame hits you!
You die...

######### ### #.......#
###.####.......#
##[#....#.......#
#..K[..<#.......#
#.o)....#.......#
##.@o#...........#
#............#####
#.#+###......+.#
####.#.####.....#.#
#....#.#.......##.#####
#....#.......#.##......
#....###.###.#.....[###
#....###.# #......#.#..
#........###........#.#


You could see an orc priest, an orc wizard and a kobold.

Vanquished Creatures
  An orc wizard (D:2)
  An ooze (D:1)
  2 leopard geckos
  2 orcs (D:2)
  2 giant cockroaches (D:2)
  4 goblins
  4 hobgoblins
  2 kobolds (D:1)
  2 quokkas (D:2)
  A ball python (D:1)
  A bat (D:1)
  A frilled lizard (D:2)
  8 rats
31 creatures vanquished.

Notes
Turn   | Place    | Note
-------+----------+-------------------------------------------
     0 | D:1      | Borgoz the Ghoul Gladiator began the quest for the Orb.
     0 | D:1      | Reached XP level 1. HP: 17/17 MP: 0/0
    78 | D:1      | Reached XP level 2. HP: 21/24 MP: 1/1
   663 | D:2      | Reached XP level 3. HP: 30/30 MP: 2/2
   716 | D:2      | Reached skill level 1 in Armour
  1118 | D:2      | Reached skill level 1 in Stealth
  1118 | D:2      | Reached XP level 4. HP: 19/37 MP: 3/3
  1381 | D:2      | Reached XP level 5. HP: 22/42 MP: 4/4
  1389 | D:2      | HP: 1/42 [kobold/+0 club (2)]
  1390 | D:2      | Killed from afar by an orc wizard

Skill      XL: |  1  2  3  4 |
---------------+-------------+-----
Dodging        | 3 6 |  6.9
Short Blades   | 3 6 |  6.8
Armour         | 1 6 |  6.1
Stealth        | 1 |  1.1
Fighting       | |  2.6
Throwing       | |  1.7

Action                   |  1- 3 |  4- 6 || total
-------------------------+-------+-------++-------
Melee: Rapier            |    78 |    25 ||   103
  Use: Potion            |       |     3 ||     3
  Eat: Chunk             |     7 |     5 ||    12
Armor: Leather armour    |    16 |    10 ||    26
Dodge: Dodged            |    56 |    44 ||   100
